 Dungeon Crawl Stone Soup version 0.29.1-15-g9cfb28693d (webtiles) character file.

Game seed: 11310534275054368451

159 leafyfresh the Sneak (level 5, 0/37 HPs)
             Began as an Octopode Delver on Mar 4, 2023.
             Splashed by a jelly's acid (1 damage)
             ... on level 4 of the Dungeon.
             The game lasted 00:01:37 (1365 turns).

leafyfresh the Sneak (Octopode Delver)              Turns: 1365, Time: 00:01:37

Health: 0/37       AC: -3    Str: 11    XL:     5   Next: 40%
Magic:  5/5        EV: 14    Int: 15    God:
Gold:   59         SH:  0    Dex: 13    Spells: 4/4 levels left

rFire   . . .      SeeInvis .   a - +0 short sword
rCold   . . .      Faith    .   (no shield)
rNeg    . . .      Spirit   .   (helmet restricted)
rPois   .          Reflect  .   (no amulet)
rElec   .          Harm     .   (no ring)
rCorr   .          Rampage  .   (no ring)
Will    .....                   (no ring)
Stlth   +++++.....              (no ring)
HPRegen 0.12/turn               (no ring)
MPRegen 0.09/turn               (no ring)
                                (no ring)
                                (no ring)

@: corroded
A: almost no armour, amphibious, 8 rings, camouflage 1, gelatinous body 1,
(nimble swimmer 1), tentacles
a: no special abilities


You were on level 4 of the Dungeon.
You visited 1 branch of the dungeon, and saw 2 of its levels.

You collected 59 gold pieces.

Inventory:

Hand Weapons
 a - a +0 short sword (weapon)
Wands
 f - a wand of digging (3)
 l - a wand of quicksilver (8)
 q - a wand of charming (14)
Scrolls
 b - a scroll of fog
 c - a scroll of magic mapping
 d - a scroll of fear
 g - a scroll of immolation {unknown}
 h - a scroll of vulnerability {unknown}
 j - a scroll of blinking {unknown}
 p - a scroll of torment {unknown}
Potions
 e - a potion of haste
 i - 3 potions of heal wounds {unknown}
 k - 2 potions of might {unknown}
 m - a potion of magic {unknown}
 n - a potion of lignification {unknown}
 o - a potion of curing {unknown}


   Skills:
 + Level 4.1 Fighting
 - Level 2.0 Short Blades
 + Level 3.5 Dodging
 + Level 7.8 Stealth


You had 4 spell levels left.
You didn't know any spells.
Your spell library was empty.

Dungeon Overview and Level Annotations

Branches:
Dungeon (5/15)
 Temple: D:4-7

Altars:
Fedhas
Hepliaklqana

Annotations:
D:4 2 runed translucent doors


Innate Abilities, Weirdness & Mutations

You cannot wear most types of armour.
You are amphibious.
You can wear up to eight rings at the same time.
Your skin changes colour to match your surroundings (Stealth+).
Your rubbery body absorbs attacks. (AC +1, EV +1)
((You are camouflaged when in or above water. (Stealth+)))
You have tentacles for arms and can constrict up to eight enemies at once.


Message History

You kill the jackal!
You see here a jackal corpse.
You hit the jelly.
Your tentacles burn!
You squeeze the jelly.
The jelly is moderately wounded.
A jackal comes into view.
The jelly closely misses you.
The jackal barks!
You hit the jelly but do no damage.
Your tentacles burn!
The jelly is moderately wounded.
The jelly barely misses you.
You hit the jelly.
Your tentacles burn!
The jelly is heavily wounded.
The jelly closely misses you.
Unknown command.
You completely miss the jelly.
You squeeze the jelly, but do no damage.
The jelly is heavily wounded.
The jackal barely misses you. The jackal bites you. The jelly hits you.
The acid corrodes you!
You are splashed with acid!
You barely miss the jelly.
The jelly is heavily wounded.
The jackal bites you. The jelly hits you.
You are splashed with acid.
* * * LOW HITPOINT WARNING * * *
You hit the jelly but do no damage.
Your tentacles burn!
* * * LOW HITPOINT WARNING * * *
You squeeze the jelly, but do no damage.
The jelly is heavily wounded.
The jackal bites you.
* * * LOW HITPOINT WARNING * * *
The jelly misses you. The jackal bites you.
* * * LOW HITPOINT WARNING * * *
You hit the jelly but do no damage.
Your tentacles burn!
* * * LOW HITPOINT WARNING * * *
The jelly is heavily wounded.
The jackal bites you.
* * * LOW HITPOINT WARNING * * *
The jelly closely misses you.
Unknown command.
You hit the jelly but do no damage.
Your tentacles burn!
You die...

..#.. #.#.# #.#
#.#.## ##.# .....
#... ..# ##..!.
#.#..# #..# #..#h#
#.#..# #.#?#.#.#J#
#.#..# #.##.##.#@#
#.#..###.##.##.†h#
#......#.##.###..##
#.[....#..h......<#
#................?#
#......####.###.#.#
#.......# #.# #.#.#
###..##....). ..#.#
##†# #....#####.#


You could see a jelly and 2 jackals.

Vanquished Creatures
  2 necrophages (D:5)
  2 adders
  An ufetubus (D:5)
  2 worms (D:4)
  A dart slug (D:5)
  An endoplasm (D:4)
  6 jackals (D:4)
  A goblin (D:4)
16 creatures vanquished.

Notes
Turn   | Place    | Note
-------+----------+-------------------------------------------
     0 | D:5      | leafyfresh the Octopode Delver began the quest for the Orb.
     0 | D:5      | Reached XP level 1. HP: 16/16 MP: 1/1
   136 | D:5      | Found a hazy altar of Hepliaklqana.
   311 | D:5      | Noticed a necrophage
   322 | D:5      | Killed a necrophage
   323 | D:5      | Reached skill level 7 in Stealth
   323 | D:5      | Reached XP level 2. HP: 10/21 MP: 2/2
   323 | D:5      | Reached XP level 3. HP: 13/26 MP: 3/3
   541 | D:5      | Reached XP level 4. HP: 30/33 MP: 4/4
   571 | D:5      | Noticed a necrophage
   579 | D:5      | Killed a necrophage
   580 | D:5      | Reached XP level 5. HP: 16/37 MP: 5/5
  1181 | D:4      | Found a blossoming altar of Fedhas.
  1191 | D:4      | Found a large runed translucent door.
  1191 | D:4      | Found a large runed translucent door.
  1364 | D:4      | HP: 1/37 [jackal (3)]
  1365 | D:4      | Splashed by a jelly's acid

Illustrated notes

Levels and vault maps discovered:
D:4:      layout_loops_ring, mainiacjoe_overflow_catwalk,
          nicolae_ossuary_entry_ruins, ebering_ghost_disaster_area, uniq_edmund
D:5:      layout_gridville, nzn_hepliaklqana_mist_gate

Skill      XL: |  1  2  3  4 |
---------------+-------------+-----
Stealth        | 7 |  7.8
Fighting       | 4 |  4.1
Dodging        | 3 |  3.5
Short Blades   | |  2.0

Action                   |  1- 3 |  4- 6 || total
-------------------------+-------+-------++-------
Melee: Short sword       |    12 |    37 ||    49
       Tentacles         |     2 |     8 ||    10
       Constrict         |     2 |     7 ||     9
       Punch             |       |     2 ||     2
 Stab: Sleeping          |       |     4 ||     4
       Distracted        |       |     1 ||     1
Armor: Skin              |     1 |     1 ||     2
Dodge: Dodged            |     6 |    22 ||    28
